 Dungeon Crawl Stone Soup version 0.29.0-13-gc9e81de378 (webtiles) character file.

Game seed: 103031786059233784

646 Artool the Ducker (level 7, -4/54 HPs)
             Began as a Demonspawn Gladiator on Sept 7, 2022.
             Slain by Edmund
             ... wielding a +3 flail of protection
              (12 damage)
             ... on level 4 of the Dungeon.
             The game lasted 00:07:41 (3148 turns).

Artool the Ducker (Demonspawn Gladiator)            Turns: 3148, Time: 00:07:41

Health: -4/54      AC:  7    Str: 17    XL:     7   Next: 27%
Magic:  7/7        EV: 14    Int:  9    God:
Gold:   158        SH:  0    Dex: 14    Spells: 6/6 levels left

rFire   x . .      SeeInvis .   j - +0 whip
rCold   + . .      Faith    .   (no shield)
rNeg    . . .      Spirit   .   o - +0 ring mail
rPois   .          Reflect  .   c - +0 helmet
rElec   .          Harm     .   t - +0 cloak
rCorr   .          Rampage  .   (no gloves)
Will    .....                   (no boots)
Stlth   +.........              (no amulet)
HPRegen 0.18/turn               q - ring of ice
MPRegen 0.10/turn               (no ring)

@: no status effects
A: repulsion field 1, powered by death 1, spiny 1, weakness stinger 2
a: no special abilities


You were on level 4 of the Dungeon.
You visited 1 branch of the dungeon, and saw 4 of its levels.

You collected 158 gold pieces.

Inventory:

Hand Weapons
 a - a +0 flail
 j - a +0 whip (weapon)
Missiles
 d - 3 throwing nets (quivered)
 e - a javelin
Armour
 b - a +0 leather armour
 c - a +0 helmet (worn)
 k - a scarf of shadows
 o - a +0 ring mail (worn)
 t - a +0 cloak (worn)
Jewellery
 q - a ring of ice (left hand)
Wands
 n - a wand of mindburst (7)
Scrolls
 f - 6 scrolls of identify {unknown}
 h - 4 scrolls of teleportation {unknown}
 l - 5 scrolls of blinking {unknown}
 m - a scroll of fear {unknown}
 s - 4 scrolls of brand weapon {unknown}
 v - a scroll of silence {unknown}
 w - a scroll of magic mapping {unknown}
Potions
 g - 2 potions of might {unknown}
 i - a potion of ambrosia {unknown}
 p - 2 potions of berserk rage {unknown}
 r - a potion of curing {unknown}
 u - a potion of resistance {unknown}


   Skills:
 + Level 4.0 Fighting
 + Level 4.1 Maces & Flails
 + Level 3.6 Throwing
 + Level 2.9 Armour
 + Level 4.1 Dodging


You had 6 spell levels left.
You didn't know any spells.
Your spell library contained the following spells:

 Spells                   Type           Power      Damage    Failure   Level
 Corpse Rot               Necr/Pois/Air  0%         N/A       100%        4
 Dispel Undead            Necr           0%         3d6       100%        4
 Death Channel            Necr           0%         N/A       100%        6


Dungeon Overview and Level Annotations

Branches:
Dungeon (4/15)
 Temple: D:4-7

Altars:
Makhleb
Okawaru
Yredelemnul

Shops:
D:3 [

Annotations:
D:2 Sigmund
D:4 Edmund


Innate Abilities, Weirdness & Mutations

You are surrounded by a mild repulsion field. (EV +2)
You regenerate a little health from kills.
You are partially covered in sharp spines.
You have a tail ending in a sharp stinger.


Message History

You open the door.
There is an open door here.
A goblin comes into view. It is wielding a +0 club.
The goblin hits you but does no damage.
You completely miss the goblin. You tail-slap the goblin.
You kill the goblin!
Things that are here:
a +0 club; a goblin corpse Edmund the Younger comes into view.
He is wielding a +3 flail of protection and carrying a wand of roots (12).
Edmund hits you with a +3 flail of protection.
You hit Edmund but do no damage.
Edmund hits you with a +3 flail of protection!
You hit Edmund but do no damage. Edmund misses you.
You barely miss Edmund. You tail-slap Edmund, but do no damage.
Edmund says, "A flail is better than a scythe, any day of the week!"
Edmund closely misses you.
You barely miss Edmund. You tail-slap Edmund, but do no damage.
Edmund hits you with a +3 flail of protection!
You hit Edmund but do no damage.
Edmund hits you with a +3 flail of protection!
You hit Edmund but do no damage. Edmund is struck by your spines.
Edmund barely misses you.
You hit Edmund but do no damage.
Edmund is lightly wounded.
You hit Edmund but do no damage.
Edmund is lightly wounded.
Edmund misses you.
You hit Edmund but do no damage.
Edmund is lightly wounded.
Edmund says, "Everyone always remembers my brother. 'Who's Edmund?' they ask!"
Edmund hits you with a +3 flail of protection.
You completely miss Edmund. You tail-slap Edmund, but do no damage.
Edmund is lightly wounded.
Edmund grinds his teeth, and then sighs.
Edmund hits you with a +3 flail of protection!
* * * LOW HITPOINT WARNING * * *
You barely miss Edmund.
Edmund is lightly wounded.
Edmund hits you with a +3 flail of protection!
You die...

#.##...###.### #.
.#.(.......## #.
#......#.....#
##.###.#######...##
......# ##.## #.....#
#.# #.....# #.#
#..@..# ##+## #
#..@..# ##...##
#.#.....# ##.....##
#......## ##.......##
####....####.........#
#....)..'.........'
#....####[........#
#.#.## ##.......##
#.### ##.....## #.
##...##


You could see Edmund.

Vanquished Creatures
  Grinder (D:4)
  An ogre (D:4)
  A centaur (D:4)
  A howler monkey (D:4)
  A crimson imp (D:3)
  A hound (D:4)
  A jelly (D:4)
  An iguana (D:4)
  4 adders
  11 orcs
  10 endoplasms
  4 giant cockroaches
  5 goblins
  7 hobgoblins
  3 quokkas
  6 ball pythons
  3 bats
  2 frilled lizards
  A goblin skeleton (D:3)
  3 goblin zombies (D:3)
  2 hobgoblin zombies (D:3)
  3 kobolds
  2 kobold skeletons (D:3)
  A kobold zombie (D:3)
  An orc skeleton (D:3)
  6 rats
82 creatures vanquished.

Notes
Turn   | Place    | Note
-------+----------+-------------------------------------------
     0 | D:1      | Artool the Demonspawn Gladiator began the quest for the
                  | Orb.
     0 | D:1      | Reached XP level 1. HP: 16/16 MP: 1/1
   188 | D:1      | Gained mutation: You are partially covered in sharp spines.
                  | [demonic ancestry]
   188 | D:1      | Reached XP level 2. HP: 17/22 MP: 2/2
   323 | D:1      | Found a faded altar of an unknown god.
   498 | D:1      | Reached XP level 3. HP: 12/28 MP: 3/3
   817 | D:2      | Reached skill level 1 in Armour
   994 | D:2      | Noticed Sigmund
  1075 | D:3      | Found Qiq Hua's Armour Boutique.
  1284 | D:3      | Gained mutation: You have a small tail. [demonic ancestry]
  1284 | D:3      | Reached XP level 4. HP: 31/34 MP: 4/4
  1991 | D:4      | Gained mutation: You have a tail ending in a sharp stinger.
                  | [demonic ancestry]
  1991 | D:4      | Reached XP level 5. HP: 37/40 MP: 5/5
  2049 | D:4      | Found an iron altar of Okawaru.
  2054 | D:4      | Found a burning altar of Makhleb.
  2212 | D:4      | Noticed a centaur
  2224 | D:4      | Killed a centaur
  2339 | D:4      | Noticed Grinder
  2348 | D:4      | Paralysed by Grinder for 3 turns
  2364 | D:4      | Killed Grinder
  2365 | D:4      | Gained mutation: You regenerate a little health from kills.
                  | [demonic ancestry]
  2365 | D:4      | Reached XP level 6. HP: 16/47 MP: 6/6
  2681 | D:4      | Gained mutation: You are surrounded by a mild repulsion
                  | field. (EV +2) [demonic ancestry]
  2681 | D:4      | Reached XP level 7. HP: 19/53 MP: 7/7
  2932 | D:4      | Found a basalt altar of Yredelemnul.
  3134 | D:4      | Noticed Edmund
  3148 | D:4      | Slain by Edmund

Illustrated notes

Levels and vault maps discovered:
D:1:      wander_arrival_lonely_grave, layout_basic,
          hellmonk_ecumenical_altar_pennies_from_heaven
D:2:      layout_basic, uniq_robin, uniq_sigmund
D:3:      layout_basic, nicolae_tso_besieged_by_evil, serial_shops,
          nicolae_shop_advertising_works [nicolae_subvault_shop_adworks],
          serial_glass, glass_columns_a, glass_columns_a, glass_columns_b,
          glass_columns_c
D:4:      layout_loops_corners, nicolae_overflow_hidden_temple, minmay_cupped,
          uniq_edmund, uniq_grinder

Skill      XL: |  1  2  3  4  5  6  7 |
---------------+----------------------+-----
Throwing       | 2 3 |  3.6
Maces & Flails | 3 4 |  4.1
Dodging        | 3 4 |  4.1
Armour         | 1 2 |  2.9
Fighting       | 3 4 |  4.0

Action                   |  1- 3 |  4- 6 |  7- 9 || total
-------------------------+-------+-------+-------++-------
Melee: Flail             |    42 |       |       ||    42
       Whip              |    32 |   109 |    47 ||   188
       Punch             |     2 |     2 |       ||     4
       Tailslap          |       |    10 |     6 ||    16
Armor: Leather armour    |    23 |     2 |       ||    25
       Ring mail         |       |    22 |     8 ||    30
Dodge: Dodged            |    34 |    48 |    24 ||   106
